 Dungeon Crawl Stone Soup version 0.30-a0-476-g330ca2eb8e (webtiles) character file.

Game seed: 17217362083501269324

1812 bmack86 the Cleaver (level 8, -2/70 (73) HPs)
             Began as a Minotaur Fighter on Dec 22, 2022.
             Slain by a wight
             ... wielding a +2 halberd
              (14 damage)
             ... on level 6 of the Dungeon.
             The game lasted 00:12:48 (5732 turns).

bmack86 the Cleaver (Minotaur Fighter)              Turns: 5732, Time: 00:12:49

HP:   -2/70 (73)    AC: 15    Str: 23    XL:     8   Next: 84%
MP:   7/7           EV:  6    Int:  5    God:
Gold: 337           SH:  5    Dex: 10    Spells: 7/7 levels left

rFire   . . .      SeeInvis .    a - +0 war axe
rCold   . . .      Faith    .    c - +0 buckler
rNeg    . . .      Spirit   .    v - +0 plate armour
rPois   +          Reflect  .    (helmet restricted)
rElec   .          Harm     .    (no cloak)
rCorr   .          Rampage  .    (no gloves)
Will    +....                    e - +1 pair of boots
Stlth   ..........               D - amulet of magic regeneration
HPRegen 0.31/turn                m - ring of willpower
MPRegen 0.50/turn                d - ring of poison resistance

@: lightly drained
A: horns 2, retaliatory headbutt
a: no special abilities


You were on level 6 of the Dungeon.
You visited 1 branch of the dungeon, and saw 6 of its levels.

You collected 337 gold pieces.

Inventory:

Hand Weapons
 a - a +0 war axe (weapon)
Missiles
 z - a throwing net (quivered)
 F - 3 poisoned darts
Armour
 b - a +0 scale mail
 c - a +0 buckler (worn)
 e - a +1 pair of boots (worn)
 v - a +0 plate armour (worn)
Jewellery
 d - a ring of poison resistance (right hand)
 m - a ring of willpower (left hand)
 u - a ring of fire
 y - a ring of protection from fire
 D - an amulet of magic regeneration (around neck)
Wands
 E - a wand of flame (20)
 G - a wand of mindburst (8)
Scrolls
 i - a scroll of silence {unknown}
 k - a scroll of noise {unknown}
 o - 2 scrolls of teleportation
 p - 3 scrolls of poison {unknown}
 q - a scroll of enchant armour {unknown}
 r - a scroll of acquirement {unknown}
 w - 2 scrolls of blinking {unknown}
 x - a scroll of butterflies {unknown}
 C - a scroll of brand weapon {unknown}
Potions
 f - 2 potions of heal wounds
 g - 3 potions of curing
 h - 2 potions of haste
 j - 2 potions of degeneration
 l - a potion of ambrosia {unknown}
 n - a potion of invisibility {unknown}
 s - 3 potions of attraction {unknown}
 t - a potion of brilliance {unknown}
 A - 3 potions of flight {unknown}
 B - a potion of cancellation {unknown}


   Skills:
 + Level 7.1 Fighting
 * Level 9.0 Axes
 + Level 7.1 Armour
 + Level 7.1 Shields


You had 7 spell levels left.
You didn't know any spells.
Your spell library was empty.

Dungeon Overview and Level Annotations

Branches:
Dungeon (6/15)
 Temple: D:4-7

Altars:
Hepliaklqana
Makhleb
Trog
Uskayaw

Shops:
D:6 =

Portals:
Abyss: D:5

Annotations:
D:4 3 runed translucent doors, Dordric's ghost, amateur SpHu
D:5 2 transporters, drugrobin's ghost, weakling DgDe


Innate Abilities, Weirdness & Mutations

You have a pair of horns on your head.
You reflexively headbutt those who attack you in melee.


Message History

You hit the wight. x2; The wight hits you with a +3 battleaxe.
You block the wight's attack.
The wight hits you from afar with a +2 halberd!
The wight hits you but does no damage.
You hit the wight but do no damage. Your headbutt misses the wight.
The wight is moderately damaged.
You barely miss the wight. You hit the wight.
The wight hits you but does no damage. The wight hits you with a +3 flail.
You block the wight's attack.
The wight hits you from afar with a +2 halberd.
You feel drained. The wight completely misses you.
The wight hits you with a +3 battleaxe! The wight barely misses you.
You furiously retaliate!
You headbutt the wight. The wight hits you with a +3 flail.
You feel drained.
You hit the wight but do no damage.
You headbutt the wight, but do no damage.
The wight is severely damaged.
You hit the wight but do no damage. x2; The wight hits you but does no damage.
The wight hits you from afar with a +2 halberd.
* * * LOW HITPOINT WARNING * * *
You feel drained.
* * * LOW HITPOINT WARNING * * *
The wight hits you with a +0 long sword of freezing!
* * * LOW HITPOINT WARNING * * *
The wight freezes you.
* * * LOW HITPOINT WARNING * * *
You block the wight's attack.
You closely miss the wight.
The wight is severely damaged.
You hit the wight. You slash the wight!
You destroy the wight!
The wight hits you but does no damage. The wight barely misses you.
You furiously retaliate!
You headbutt the wight. The wight barely misses you. You furiously retaliate!
You headbutt the wight.
Your Axes skill increases to level 9!
You closely miss the wight. Your headbutt misses the wight.
The wight is almost destroyed.
You closely miss the wight.
The wight hits you from afar with a +2 halberd!
You die...

###... #.
##..... #.###
#.##### ###....
#.#...# ......
#.#.∩.#
###....####
#.#...#
#........:#
#.#.>.#
#....zz...#
#.#...#
......z@..#
###.#####
##....)##.#
#........ ##....
#.######.####.##
#....
#...............
#...#
########.#######
#..# #.# #.. #.#
#.. #.# #.#


You could see 3 wights.

Vanquished Creatures
  Sigmund (D:5)
  2 black bears (D:5)
  A sky beast (D:5)
  An ogre (D:4)
  2 phantoms
  A scorpion (D:6)
  4 necrophages
  A wight (D:6)
  A howler monkey (D:4)
  A gnoll bouda (D:6)
  7 orc priests
  3 hounds
  A jelly (D:6)
  3 iguanas
  4 orc wizards (D:5)
  A hound skeleton (D:4)
  3 adders
  5 gnolls (D:6)
  2 white imps (D:5)
  4 worms
  5 dart slugs
  25 orcs
  17 ball pythons
  6 endoplasms
  3 giant cockroaches
  10 goblins
  8 hobgoblins
  4 jackals (D:1)
  3 quokkas
  2 bats
  4 frilled lizards
  5 kobolds
  5 rats
145 creatures vanquished.

Notes
Turn   | Place    | Note
-------+----------+-------------------------------------------
     0 | D:1      | bmack86 the Minotaur Fighter began the quest for the Orb.
     0 | D:1      | Reached XP level 1. HP: 19/19 MP: 0/0
   211 | D:1      | Reached XP level 2. HP: 25/27 MP: 1/1
   226 | D:1      | Found a faded altar of an unknown god.
   271 | D:1      | Reached skill level 3 in Axes
   475 | D:1      | Reached XP level 3. HP: 31/33 MP: 2/2
  1379 | D:2      | Reached skill level 4 in Axes
  1379 | D:2      | Reached XP level 4. HP: 29/40 MP: 3/3
  2427 | D:3      | Reached XP level 5. HP: 47/47 MP: 4/4
  2450 | D:3      | Found a hazy altar of Hepliaklqana.
  2450 | D:3      | Found a hide-covered altar of Uskayaw.
  2453 | D:3      | Found a bloodstained altar of Trog.
  3270 | D:4      | Noticed an ogre
  3273 | D:4      | Reached skill level 5 in Axes
  3273 | D:4      | Reached XP level 6. HP: 52/55 MP: 5/5
  3290 | D:4      | Reached skill level 5 in Fighting
  3290 | D:4      | Reached skill level 5 in Armour
  3290 | D:4      | Reached skill level 5 in Shields
  3415 | D:4      | Reached skill level 6 in Axes
  3514 | D:4      | Reached XP level 7. HP: 56/61 MP: 6/6
  3613 | D:4      | Found a runed translucent gate.
  3615 | D:4      | Found a runed translucent gate.
  3615 | D:4      | Found a runed translucent gate.
  3616 | D:4      | Noticed Dordric's ghost (amateur SpHu)
  3618 | D:4      | Identified the +8 mace of Nemelex Xobeh's Grace {vorpal,
                  | Drain rPois rN+}
  3876 | D:4      | Found a burning altar of Makhleb.
  4037 | D:5      | Entered Level 5 of the Dungeon
  4269 | D:5      | Found a one-way gate to the infinite horrors of the Abyss.
  4269 | D:5      | Noticed drugrobin's ghost (weakling DgDe)
  4275 | D:5      | Noticed a small abomination
  4328 | D:5      | Noticed an ancient zyme
  4351 | D:5      | Found a transporter.
  4493 | D:5      | Reached skill level 7 in Axes
  4603 | D:5      | Noticed Sigmund
  4608 | D:5      | Killed Sigmund
  4609 | D:5      | Reached XP level 8. HP: 68/70 MP: 7/7
  4908 | D:5      | Reached skill level 8 in Axes
  5272 | D:5      | Found a transporter.
  5671 | D:6      | Found Cadofan's Jewellery Shoppe.
  5732 | D:6      | Reached skill level 9 in Axes
  5732 | D:6      | Slain by a wight

Illustrated notes

Levels and vault maps discovered:
D:1:      co_arrival_square_in_a_square_in_a_square, layout_basic,
          hellmonk_ecumenical_altar_dog_temple, minmay_misc_feat_encased,
          minmay_hedge_maze, minmay_misc_feat_square, serial_bayou_crossing
D:2:      minmay_wonky_spiral, layout_loops_corners, nicolae_wormholes
D:3:      minmay_spotlight, layout_basic, grunt_temple_overflow_open
D:4:      layout_loops_cross, makhleb_blood_cavern_becter,
          ebering_ghost_rock_garden
D:5:      layout_basic, gammafunk_ghost_abyssal_escape, uniq_sigmund
D:6:      layout_loops_ring, minmay_temple_entry_proselytizer, serial_shops,
          nicolae_take_the_stairs

Skill      XL: |  1  2  3  4  5  6  7  8 |
---------------+-------------------------+-----
Axes           | 3 4 5 6 7 9 |  9.0
Shields        | 4 5 6 7 |  7.1
Fighting       | 4 5 6 7 |  7.1
Armour         | 4 5 6 7 |  7.1

Action                   |  1- 3 |  4- 6 |  7- 9 || total
-------------------------+-------+-------+-------++-------
Melee: War axe           |    82 |   123 |   166 ||   371
       Headbutt          |     9 |    17 |    32 ||    58
  Use: Scroll            |       |     5 |       ||     5
       Potion            |       |     1 |       ||     1
Armor: Scale mail        |    38 |    67 |       ||   105
       Plate armour      |       |       |   161 ||   161
Dodge: Dodged            |    35 |    57 |    43 ||   135
Block: Buckler           |    17 |    40 |    42 ||    99

Table legend: (Time is in decaauts)
 A = Elapsed time spent in this place.
 B = Non-inter-level travel time spent in this place.
 C = Inter-level travel time spent in this place.
 D = Time resting spent in this place.
 E = Time spent auto-exploring this place.
 F = Levels seen in this place.
 G = Mean time per level.
                   A        B        C        D        E       F      G
               +--------+--------+--------+--------+--------+-----+--------+
         Total |   5844 |   5678 |    166 |    204 |   3859 |   6 |  974.0 |
       Dungeon |   5844 |   5678 |    166 |    204 |   3859 |   6 |  974.0 |
               +--------+--------+--------+--------+--------+-----+--------+

Top non-repeatable levels by time:
     D:5: 1418 daAuts
     D:3: 1112 daAuts
     D:2: 1096 daAuts
     D:1: 1006 daAuts
     D:4: 911 daAuts
     D:6: 300 daAuts
